Description

The Goal of this Build is to go for 3 Bases with 52 Drones on 4
Gases and than build as many hydras as u can and reinforce with
speedlings hf gl on ladder!

VOD

https://www.youtube.com/watch?v=Wmu37GqR6gI&t=53s

Replay - ZvP - Hydra Ling Allin vs Mass Oracle

Build Order

Get SALT Encoding   

Spawning Tool Build Advisor. Get it on Overwolf

Analysis

13 0:12 Overlord
17 0:52 Hatchery
18 1:14 Extractor
18 1:18 Spawning Pool
20 1:53 Overlord
20 2:06 Queen x2
20 2:07 Zergling x2
27 2:18 Metabolic Boost
31 2:42 Zergling x2
32 2:46 Hatchery
32 2:47 Overlord
32 2:55 Queen
36 3:05 Overlord
43 3:24 Overlord
44 3:34 Extractor
44 3:35 Extractor,
44 3:42 Zergling x2
44 3:44 Zergling x2
44 3:47 Lair
46 3:51 Spore Crawler
46 3:52 Spore Crawler,
46 3:55 Zergling x2, Extractor
47 4:08 Queen
62 4:39 Spore Crawler
62 4:42 Overlord x3
61 4:53 Spore Crawler
61 5:00 Hydralisk Den
65 5:18 Overlord x5
65 5:30 Hydralisk
65 5:31 Hydralisk x6, Muscular Augments
65 5:33 Hydralisk
81 5:36 Hydralisk
81 5:42 Hydralisk x2
87 5:43 Hydralisk
89 5:54 Hydralisk x4
97 6:01 Overlord x2
97 6:02 Overlord
97 6:10 Zergling x8
97 6:11 Zergling x8
105 6:19 Overlord x2
105 6:24 Zergling x2
105 6:25 Zergling x12
112 6:34 Hydralisk x2
116 6:40 Hydralisk x4
116 6:42 Zergling x2
125 6:51 Hydralisk
125 6:52 Hydralisk x3
123 7:04 Hydralisk x3
123 7:05 Hydralisk x2
130 7:14 Zergling x8

Go to:

Details

  • Created by: birdy     
  • Published on: Nov 06, 2017
  • Modified on: Dec 29, 2017
  • Patch: 3.8.0
Show
View Real Time Build Order
Export as new Build Order

Comments (2)

On Dec. 30, 2017, 11:53 a.m., birdy  said:

its mean 2x Eggs / 4 zerglings

On Dec. 29, 2017, 8:51 p.m., yourpalpaul  said:

Is the zergling x2 one egg or two?

Create an account to comment!